 Dungeon Crawl Stone Soup version 0.27-a0-1105-g946c659c87 (webtiles) character file.

Game seed: 2369925074160468932

23 senseless the Insei (level 3, 0/28 HPs)
             Began as a Gnoll Transmuter on Apr 29, 2021.
             Slain by a ball python (1 damage)
             ... on level 2 of the Dungeon.
             The game lasted 00:02:08 (1016 turns).

senseless the Insei (Gnoll Transmuter)              Turns: 1016, Time: 00:02:11

Health: 0/28       AC:  2    Str: 10    XL:     3   Next: 0%
Magic:  8/9        EV: 10    Int: 18    God:
Gold:   67         SH:  0    Dex: 12    Spells: 10/11 levels left

rFire    . . .     SeeInvis .     - Unarmed
rCold    . . .     Faith    +   (no shield)
rNeg     . . .     Spirit   .   a - +0 robe
rPois    .         Reflect  .   (helmet currently unavailable)
rElec    .         Harm     .   (no cloak)
rCorr    .         Rampage  .   (no gloves)
Will     .....                  (boots currently unavailable)
Stlth    +.........             e - amulet of faith
HPRegen  0.09/turn              f - +6 ring of intelligence
MPRegen  0.11/turn              (no ring)

@: lethally poisoned (0 -> -9), appendages, constricted, invisible
A: horns 2, talons 2, fangs 1, strong nose, distributed training
a: End Transformation


You were on level 2 of the Dungeon.
You had temporarily grown beastly horns and talons.
You visited 1 branch of the dungeon, and saw 2 of its levels.

You collected 67 gold pieces.

Inventory:

Armour
 a - a +0 robe (worn)
Jewellery
 e - an amulet of faith (around neck)
 f - a +6 ring of intelligence (left hand)
Scrolls
 g - a scroll of identify {unknown}
Potions
 b - a potion of attraction {unknown}
 c - a potion of invisibility
 d - a potion of heal wounds {unknown}


   Skills:
 + Level 2.5 Fighting
 + Level 0.5 Short Blades
 + Level 0.5 Long Blades
 + Level 0.5 Axes
 + Level 0.5 Maces & Flails
 + Level 0.5 Polearms
 + Level 0.5 Staves
 + Level 0.5 Slings
 + Level 0.5 Bows
 + Level 0.5 Crossbows
 + Level 0.5 Throwing
 + Level 0.5 Armour
 + Level 4.5 Dodging
 + Level 0.5 Stealth
 + Level 0.5 Shields
 + Level 6.5 Unarmed Combat
 + Level 4.9 Spellcasting
 + Level 0.4 Conjurations
 + Level 0.4 Hexes
 + Level 0.4 Summonings
 + Level 0.4 Necromancy
 + Level 0.4 Translocations
 + Level 3.7 Transmutations
 + Level 0.4 Fire Magic
 + Level 0.4 Ice Magic
 + Level 0.4 Air Magic
 + Level 0.4 Earth Magic
 + Level 0.4 Poison Magic
 + Level 0.7 Invocations
 + Level 0.5 Evocations


You had 10 spell levels left.
You knew the following spells:

 Your Spells              Type           Power      Damage    Failure   Level
a - Beastly Appendage     Tmut           34%        N/A       3%          1

Your spell library contained the following spells:

 Spells                   Type           Power      Damage    Failure   Level
 Wereblood                Tmut           17%        N/A       4%          2
 Spider Form              Tmut/Pois      5%         N/A       17%         3
 Ice Form                 Ice/Tmut       11%        N/A       50%         4
 Hydra Form               Tmut           8%         N/A       63%         5


Dungeon Overview and Level Annotations

Branches:
Dungeon (2/15)

Altars:


Innate Abilities, Weirdness & Mutations

You have temporarily grown beastly horns and talons.
You have very sharp teeth.
Your uncanny sense of smell can sniff out nearby items.
Your experience applies equally to all skills.


Message History

The kobold hits you but does no damage. The adder bites you.
You hit the kobold.
You kill the kobold!
The ball python bites you but does no damage.
The ball python closely misses you. The adder closely misses you.
You have reached level 3!
Your experience leads to an increase in your attributes!
Your base attributes are Str 9, Int 12, Dex 12.
Increase (S)trength, (I)ntelligence, or (D)exterity?
You feel stronger.
You miss the adder. Your bite misses the adder. The ball python bites you.
The ball python completely misses you. The adder misses you.
You closely miss the adder. The ball python closely misses you. x2
The adder bites you.
You hit the adder but do no damage. You claw the adder.
Your headbutt misses the adder.
The adder is lightly wounded.
The ball python closely misses you. The ball python barely misses you.
The adder bites you.
You are poisoned.
The adder poisons you!
You barely miss the adder. You punch the adder.
The adder is heavily wounded.
You feel sick. The adder closely misses you. The ball python barely misses you.
The ball python grabs you. The ball python constricts you.
You barely miss the adder. You claw the adder.
The adder is severely wounded.
You feel sick. The adder bites you. The ball python closely misses you.
The ball python constricts you. The adder bites you.
* * * LOW HITPOINT WARNING * * *
You are lethally poisoned!
The adder poisons you!
It was a potion of invisibility.
You fade into invisibility!
* * * LOW HITPOINT WARNING * * *
You feel sick. The ball python closely misses you.
The ball python constricts you. The adder bites you.
* * * LOW HITPOINT WARNING * * *
The ball python completely misses you.
You die...

## ∆.### ... .. #####..##..
#.......... #.......... ∆
#..)S...... #..@S.........
#............ #)...........
########## #............ ##
..........######...##..###...
............................
....................#...#########
....................'.>..........
..................)##..######...


You could see an adder and a ball python.

Vanquished Creatures
  4 bats
  2 giant cockroaches (D:1)
  2 goblins
  5 hobgoblins
  A kobold (D:2)
  2 quokkas (D:1)
  A frilled lizard (D:1)
  3 rats (D:1)
20 creatures vanquished.

Notes
Turn   | Place    | Note
-------+----------+-------------------------------------------
     0 | D:1      | senseless the Gnoll Transmuter began the quest for the Orb.
     0 | D:1      | Reached XP level 1. HP: 17/17 MP: 6/6
   284 | D:1      | Reached XP level 2. HP: 23/23 MP: 5/7
   686 | D:1      | Found a faded altar of an unknown god.
  1011 | D:2      | Reached XP level 3. HP: 17/28 MP: 7/9
  1016 | D:2      | HP: 1/28 [adder (2)]
  1016 | D:2      | Slain by a ball python

Illustrated notes

Levels and vault maps discovered:
D:1:      saegor_arrival_simple_a, layout_rooms,
          hellmonk_ecumenical_altar_heavens_door, serial_corexii_hall,
          chequers_hall_statues_wall_a, chequers_hall_statues_wall_a
D:2:      layout_basic

Action                   || total
-------------------------++-------
Melee: Unarmed           ||    64
       Kick              ||    10
       Bite              ||     4
       Headbutt          ||     4
       Punch             ||     1
 Cast: Beastly Appendage ||    12
  Use: Scroll            ||     1
       Potion            ||     1
Armor: Robe              ||    19
Dodge: Dodged            ||    68

Table legend: (Time is in decaauts)
 A = Elapsed time spent in this place.
 B = Non-inter-level travel time spent in this place.
 C = Inter-level travel time spent in this place.
 D = Time resting spent in this place.
 E = Time spent auto-exploring this place.
 F = Levels seen in this place.
 G = Mean time per level.
                   A        B        C        D        E       F      G
               +--------+--------+--------+--------+--------+-----+--------+
         Total |   1008 |    991 |     17 |      0 |    856 |   2 |  504.0 |
       Dungeon |   1008 |    991 |     17 |      0 |    856 |   2 |  504.0 |
               +--------+--------+--------+--------+--------+-----+--------+

Top non-repeatable levels by time:
     D:1: 767 daAuts
     D:2: 240 daAuts
